Map: 애씨드 플랜트 - 래더

Players

Elazer

  • Race: Zerg Zerg
  • League: Grandmaster
  • Spawn Location: 5:00

soO - Winner!

  • Race: Zerg Zerg
  • League: Master
  • Spawn Location: 11:00

Event: HomeStory Cup XVII

VOD

Have the link to the VOD?

Description

Time

  • Played on: June 29, 2018, 7:15 a.m.
  • Length: 6:42

All games in this series

Show
View Real Time Build Order
Export as new Build Order

Elazer Zerg 

Build Orders: Hatch First 

Get SALT Encoding   

  12  0:00  Drone  
  13  0:11  Overlord  
  13  0:16  Drone  
  14  0:30  Drone x2  
  16  0:47  Hatchery  
  15  0:50  Drone  
  15  0:54  Drone  
  17  0:57  Drone  
  18  1:08  Extractor  
  17  1:13  Spawning Pool  
  17  1:16  Drone  
  17  1:20  Drone  
  18  1:27  Drone  
  19  1:38  Drone  
  20  1:49  Overlord  
  20  1:59  Queen x2, Drone  
  20  2:00  Drone  
  26  2:08  Metabolic Boost  
  26  2:10  Drone  
  26  2:11  Zergling x2  
  28  2:21  Drone  
  28  2:22  Drone  
  30  2:32  Zergling x2  
  30  2:33  Drone  
  32  2:38  Hatchery  
  32  2:43  Overlord  
  31  2:46  Drone  
  32  2:53  Drone, Evolution Chamber  
  32  2:54  Drone  
  33  3:05  Drone x2  
  35  3:08  Drone x2  
  35  3:10  Drone x2  
  35  3:11  Drone  
  40  3:13  Overlord  
  39  3:28  Baneling Nest  
  39  3:30  Drone x2  
  39  3:32  Zergling x4  
  42  3:42  Zerg Melee Weapons Level 1  
  42  3:43  Queen  
  42  3:46  Drone x2  
  42  3:47  Zergling x8, Drone  
  51  3:51  Overlord  
  51  3:53  Zergling x2  
  52  4:00  Overlord, Zergling x2  
  53  4:08  Drone  
  54  4:13  Baneling  
  54  4:14  Baneling x2, Zergling x16  
  62  4:22  Overlord  
  62  4:24  Zergling x2  
  62  4:25  Zergling x4  
  65  4:37  Overlord  
  65  4:38  Overlord  
  65  4:40  Drone  
  66  4:45  Drone x2  
  66  4:46  Drone x2  
  66  4:48  Drone x3  
  66  4:50  Overlord  
  72  4:56  Zergling x10  
  77  5:00  Overlord  
  77  5:02  Overlord  
  77  5:08  Zergling x2  
  77  5:13  Zergling x4  
  79  5:15  Lair  
  79  5:18  Roach Warren, Extractor  
  79  5:20  Baneling x5  
  76  5:22  Drone x2  
  76  5:23  Drone x2  
  76  5:24  Drone x5  
  76  5:25  Drone  
  85  5:33  Zergling x2  
  85  5:38  Zergling x2  
  85  5:39  Zergling x2  
  79  5:49  Zergling x12  
  72  6:00  Zergling x6  
  71  6:08  Roach x2  
  74  6:11  Roach  
  74  6:13  Roach  
  74  6:15  Zergling x10  
  74  6:18  Extractor  
  82  6:21  Zergling x4  
Show
View Real Time Build Order
Export as new Build Order

soO Zerg - Winner!

Build Orders: Hatch First 

Get SALT Encoding   

  12  0:00  Drone  
  13  0:12  Overlord  
  13  0:16  Drone  
  14  0:30  Drone  
  14  0:31  Drone  
  14  0:34  Drone  
  17  0:50  Hatchery  
  17  0:54  Drone  
  17  0:57  Drone  
  18  1:09  Extractor  
  17  1:12  Spawning Pool  
  17  1:15  Drone  
  17  1:18  Drone  
  18  1:28  Drone  
  19  1:39  Overlord  
  19  1:58  Evolution Chamber  
  19  1:59  Queen, Drone  
  21  2:02  Queen  
  21  2:03  Zergling x2  
  21  2:04  Drone  
  25  2:12  Drone  
  25  2:13  Drone  
  27  2:21  Drone  
  28  2:25  Drone  
  28  2:28  Zerg Ground Armor Level 1  
  29  2:35  Drone x2  
  31  2:41  Queen  
  33  2:46  Overlord  
  34  2:51  Drone  
  34  2:53  Drone  
  34  2:56  Drone  
  36  3:07  Drone  
  36  3:08  Metabolic Boost, Drone x2  
  36  3:09  Drone x2  
  41  3:13  Overlord  
  41  3:16  Drone  
  42  3:25  Drone  
  43  3:29  Zergling x2  
  43  3:32  Zergling x6  
  47  3:43  Zergling x8  
  51  3:50  Hatchery, Zergling x2  
  51  3:52  Roach Warren  
  51  3:55  Drone x2  
  52  3:59  Overlord  
  52  4:02  Extractor x2  
  51  4:06  Zergling x4  
  51  4:07  Overlord  
  52  4:10  Lair  
  52  4:17  Drone x2  
  52  4:18  Drone x2  
  52  4:19  Drone  
  57  4:25  Drone  
  57  4:27  Zerg Missile Weapons Level 1  
  58  4:35  Drone  
  59  4:41  Roach x4  
  67  4:47  Overlord  
  67  4:49  Drone  
  67  4:50  Overlord  
  67  4:52  Overlord  
  68  5:01  Overlord  
  68  5:04  Roach x3  
  76  5:07  Roach  
  76  5:09  Glial Reconstitution  
  76  5:12  Roach x2  
  79  5:17  Roach  
  81  5:27  Roach x3  
  81  5:28  Roach x2  
  91  5:30  Roach  
  91  5:34  Roach  
  95  5:40  Roach x2  
  94  5:42  Roach  
  94  5:46  Queen  
  89  5:52  Roach x3  
  89  5:56  Roach  
  97  6:00  Roach  
  97  6:01  Roach  
  101  6:04  Roach  
  101  6:06  Zergling x6  
  101  6:07  Zergling x2  
  105  6:14  Overlord  
  105  6:15  Zergling x2  
Tags
 
Add a new tag
Caveats
  • Supply blocks, unpowered buildings, or Contaminate may cause inaccurate times.
  • Supply counts are checked every 10 seconds.